 Dungeon Crawl Stone Soup version 0.31-a0-1616-gbeaec30b81 (webtiles) character file.

Game seed: 1231065350492669764

102 gruber the Cutter (level 4, -1/23 HPs)
             Began as a Vine Stalker Fighter on Jan 10, 2024.
             Slain by an ogre
             ... wielding a +0 giant spiked club
              (16 damage)
             ... on level 3 of the Dungeon.
             The game lasted 00:01:40 (1880 turns).

gruber the Cutter (Vine Stalker Fighter)            Turns: 1880, Time: 00:01:40

Health: -1/23      AC: 12    Str: 19    XL:     4   Next: 77%
Magic:  0/5        EV: 10    Int: 13    God:
Gold:   100        SH:  5    Dex: 15    Spells: 3/3 levels left

rFire   . . .        a - +0 rapier
rCold   . . .        c - +0 buckler
rNeg    . . .        p - +5 ring mail of Poequm {Int+5 Stlth+}
rPois   .            s - +0 helmet
rElec   .            e - +0 cloak
rCorr   .            (no gloves)
SInv    .            (no boots)
Will    .....        (no amulet)
Stlth   ++           (no ring)
HPRegen 1.03/turn    (no ring)
MPRegen 0.09/turn

%: guardian spirit
@: no status effects
A: fangs 2, regeneration 1, magic shield, antimagic bite, no potion heal 2
a: no special abilities


You were on level 3 of the Dungeon.
You visited 1 branch of the dungeon, and saw 3 of its levels.

You collected 100 gold pieces.

Inventory:

Hand Weapons
 a - a +0 rapier (weapon)
Missiles
 j - 5 silver javelins (quivered)
Armour
 c - a +0 buckler (worn)
 e - a +0 cloak (worn)
 p - the +5 ring mail of Poequm (worn) {Int+5 Stlth+}
   (You found it on level 2 of the Dungeon)

   Int+5:     It affects your intelligence (+5).
   Stlth+:    It makes you more stealthy.
 s - a +0 helmet (worn)
Scrolls
 b - a scroll of revelation {unknown}
 h - a scroll of identify {unknown}
 k - 2 scrolls of amnesia {unknown}
 l - 2 scrolls of poison {unknown}
 m - a scroll of fog {unknown}
 q - 2 scrolls of enchant weapon {unknown}
Potions
 d - 2 potions of might
 f - 2 potions of degeneration {unknown}
 g - 2 potions of heal wounds {unknown}
 i - a potion of ambrosia {unknown}
 n - 2 potions of curing {unknown}
 o - 2 potions of berserk rage {unknown}
 r - a potion of haste {unknown}


   Skills:
 - Level 2.6 Fighting
 + Level 4.3 Short Blades
 - Level 2.4 Armour
 - Level 2.6 Shields


You had 3 spell levels left.
You didn't know any spells.
Your spell library contained the following spells:

 Spells                   Type           Power      Damage    Failure   Level
 Lesser Beckoning         Tloc           0%         N/A       69%         2
 Gell's Gravitas          Tloc           0%         N/A       89%         3
 Teleport Other           Tloc           0%         N/A       89%         3


Dungeon Overview and Level Annotations

Branches:
Dungeon (3/15)

Altars:
Makhleb


Innate Abilities, Weirdness & Mutations

You have extremely sharp teeth.
Your natural rate of healing is unusually fast.
When hurt, damage is shared between your health and your magic reserves.
Your bite disrupts and absorbs the magic of your enemies.
Potions cannot restore your health.


Message History

There is a stone staircase leading down here.
You climb downwards.
There is a stone staircase leading up here.
You see here a +0 whip.
An orc comes into view. It is wielding a +0 falchion.
The orc moves out of view.
You open the door.
There is an open door here.
o - 2 fizzy purple potions (gained 1)
An ogre is nearby!
An ogre is nearby!
A malevolent force fills the Dungeon... and a teleportation trap spontaneously manifests!
You are yanked towards a nearby monster!
Your surroundings seem slightly different.
Found 6 gold pieces.
Found a stone staircase leading down.
The ogre closely misses you.
You puncture the ogre! You bite the ogre. You drain its power.
The ogre is heavily wounded.
The ogre barely misses you.
You barely miss the ogre.
The ogre is heavily wounded.
You hit the ogre. You bite the ogre. You drain its power.
The ogre is severely wounded.
The ogre hits you with a +0 giant spiked club!
Ouch! That really hurt!
You are too injured to fight recklessly!
You are too injured to fight recklessly!
You hit the ogre.
The ogre is almost dead.
The ogre barely misses you.
You barely miss the ogre. You bite the ogre, but do no damage.
The ogre is almost dead.
You hit the ogre but do no damage. You bite the ogre, but do no damage.
The ogre is almost dead.
You block the ogre's attack.
You closely miss the ogre.
The ogre is almost dead.
The ogre hits you with a +0 giant spiked club!!
Ouch! That really hurt!
You die...

.## ##. #.#.## .. .... ...>#
.. ....#.#..$ .# ..... ...#.#
# .# .........#.####
S###.##........#..#.....
..o............O........
###.#####. .#@....... #.#
.........#..... #.##
#######.b#.##.......# #..#
#..................# ##.#
######..#.....(....# ####.#
#......#..........## .....##
###......#...........###
......#
#.'......#....%........#
[...#.####.#....#.#..........#


You could see an ogre and a bat.

Vanquished Creatures
  3 gnolls (D:3)
  3 adders
  2 ribbon worms (D:2)
  A dart slug (D:3)
  3 bats
  2 endoplasms (D:2)
  3 giant cockroaches
  3 goblins
  3 hobgoblins
  3 kobolds
  A quokka (D:3)
  7 ball pythons
  4 frilled lizards (D:2)
  4 rats (D:2)
42 creatures vanquished.

Notes
Turn   | Place    | Note
-------+----------+-------------------------------------------
     0 | D:1      | gruber the Vine Stalker Fighter began the quest for the
                  | Orb.
     0 | D:1      | Reached XP level 1. HP: 11/11 MP: 2/2
   141 | D:1      | Reached skill level 2 in Short Blades
   283 | D:1      | Reached XP level 2. HP: 16/16 MP: 3/3
   690 | D:2      | Reached skill level 3 in Short Blades
   780 | D:2      | Reached XP level 3. HP: 19/19 MP: 1/4
   942 | D:2      | Identified the +5 ring mail of Poequm {Int+5 Stlth+}
  1346 | D:3      | Reached XP level 4. HP: 23/23 MP: 3/5
  1360 | D:3      | Reached skill level 4 in Short Blades
  1500 | D:3      | Found a burning altar of Makhleb.
  1500 | D:3      | Noticed a blizzard demon
  1716 | D:3      | Noticed an ogre
  1880 | D:3      | Slain by an ogre

Illustrated notes

Levels and vault maps discovered:
D:1:      elethiomel_arrival_shortcut, layout_basic, serial_forest,
          infiniplex_forest_clump_small, infiniplex_forest_clump_small,
          infiniplex_forest_clump_C, infiniplex_forest_clump_medium,
          infiniplex_forest_fountain, infiniplex_forest_clump_curved
D:2:      minmay_chambers_of_twos, layout_loops_ring,
          nicolae_elevator_lobby_asterisk
D:3:      layout_basic, makhleb_altar_promises_db, ebering_ghost_sewer_f

Skill      XL: |  1  2  3  4 |
---------------+-------------+-----
Short Blades   | 2 3 4 |  4.3
Fighting       | |  2.6
Armour         | |  2.4
Shields        | |  2.6

Action                     |  1- 3 |  4- 6 || total
---------------------------+-------+-------++-------
  Melee: Rapier            |    92 |    42 ||   134
         Bite              |    18 |    13 ||    31
   Stab: Sleeping          |     1 |       ||     1
 Armour: Scale mail        |    31 |       ||    31
         Ring mail         |    11 |    33 ||    44
  Dodge: Dodged            |    41 |    36 ||    77
  Block: Buckler           |    19 |    23 ||    42

Table legend: (Time is in decaauts)
 A = Elapsed time spent in this place.
 B = Non-inter-level travel time spent in this place.
 C = Inter-level travel time spent in this place.
 D = Time resting spent in this place.
 E = Time spent auto-exploring this place.
 F = Levels seen in this place.
 G = Mean time per level.
                   A        B        C        D        E       F      G
               +--------+--------+--------+--------+--------+-----+--------+
         Total |   1889 |   1766 |    123 |      0 |   1383 |   3 |  629.7 |
       Dungeon |   1889 |   1766 |    123 |      0 |   1383 |   3 |  629.7 |
               +--------+--------+--------+--------+--------+-----+--------+

Top non-repeatable levels by time:
     D:2: 827 daAuts
     D:3: 543 daAuts
     D:1: 518 daAuts
